 Dungeon Sprint DCSS version 0.17-a0-1399-gd5b76e1 (webtiles) character file.

1709 Kidiri the Covert (level 8, -1/32 HPs)
             Began as a Spriggan Enchanter on June 19, 2015.
             Was a Believer of Dithmenos.
             Slain by an earth elemental (33 damage)
             ... in the Dungeon (Sprint III: "The Ten Rune Challenge").
             The game lasted 00:13:28 (1863 turns).

Kidiri the Covert (Spriggan Enchanter)              Turns: 1863, Time: 00:13:28

Health: -1/32      AC:  4    Str:  4    XL:     8   Next: 74%
Magic:  1/24       EV: 25    Int: 16    God:    Dithmenos [**....]
Gold:   47         SH:  2    Dex: 17    Spells: 9 memorised, 7 levels left

rFire  + . .     SeeInvis +     a - +1 dagger
rCold  . . .     Clarity  .     b - +1 robe
rNeg   . . .     SustAt   .     (shield restricted)
rPois  .         Gourm    .     (helmet restricted)
rElec  .         Spirit   .     (no cloak)
rCorr  .         Warding  .     (gloves unavailable)
rMut   .         NoTele   +     (boots unavailable)
MR     +....                    (no amulet)
Stlth  +++++++++.               (no ring)
                                (no ring)

@: wreathed by umbra, very quick, somewhat resistant to hostile enchantments,
incredibly stealthy
A: unfitting armour, large bone plates 1, see invisible, deformed body, dopey 1,
fire resistance 1, herbivore 3, speed 3, frail 1, slow metabolism 2
a: Shadow Step, Renounce Religion


You were in the Dungeon.
You worshipped Dithmenos.
Dithmenos was pleased with you.
You were not hungry.

You visited 1 branch You collected 47 gold pieces.

Inventory:

Hand weapons
 a - a +1 dagger (weapon)
Armour
 b - a +1 robe (worn)
Scrolls
 j - a scroll of blinking
 l - a scroll of torment
 n - 2 scrolls of remove curse
 q - a scroll of immolation {unknown}
Potions
 e - a potion of curing
 f - 3 potions of heal wounds
 g - a potion of haste
 h - 2 potions of magic
 i - a potion of berserk rage
 p - a potion of flight
 r - 2 potions of lignification
Books
 c - a book of Maledictions

   Spells                             Type                      Level
   a - Corona                         Hexes                        1
   b - Ensorcelled Hibernation        Hexes/Ice                    2
   c - Confuse                        Hexes                        3
   d - Tukima's Dance                 Hexes                        3
   e - Dazzling Spray                 Conjuration/Hexes            3
 k - a book of Conjurations

   Spells                             Type                      Level
   a - Magic Dart                     Conjuration                  1
   b - Searing Ray                    Conjuration                  2
   c - Dazzling Spray                 Conjuration/Hexes            3
   d - Fulminant Prism                Conjuration/Hexes            4
   e - Iskenderun's Mystic Blast      Conjuration                  4
   f - Iskenderun's Battlesphere      Conjuration/Charms           5
Comestibles
 d - 2 bread rations
 o - 3 royal jellies


   Skills:
 + Level 7.3 Short Blades
 + Level 9.9 Dodging
 * Level 14.7 Stealth
 * Level 11.5 Spellcasting
 + Level 4.1 Conjurations
 + Level 8.9 Hexes
 + Level 5.1 Ice Magic


You had 7 spell levels left.
You knew the following spells:

 Your Spells              Type           Power        Failure   Level  Hunger
a - Corona                Hex            #####..      1%          1    None
b - Ensorcelled Hibernat  Hex/Ice        ####..       1%          2    None
c - Confuse               Hex            #####...     1%          3    None
d - Tukima's Dance        Hex            #####...     1%          3    None
e - Dazzling Spray        Conj/Hex       ####....     1%          3    None
f - Magic Dart            Conj           ###.         1%          1    None
g - Searing Ray           Conj           ###...       1%          2    None
h - Fulminant Prism       Conj/Hex       ####......   8%          4    ###....
i - Iskenderun's Mystic   Conj           ###.....     14%         4    ###....


Dungeon Overview and Level Annotations

Branches:
Dungeon (1/1)

Altars:
Cheibriados
Dithmenos
Elyvilon
Fedhas
Gozag
Kikubaaqudgha
Makhleb
Nemelex Xobeh
Okawaru
Qazlal
Ru
Sif Muna
Trog
Vehumet
Xom
Yredelemnul
Zin
The Shining One
Jiyva
Lugonu


Innate Abilities, Weirdness & Mutations

You are tiny and cannot use many weapons and most armour.
You have supernaturally acute eyesight.
You are a herbivore.
You cover ground extremely quickly.
You need consume almost no food.
You are partially covered in large bone plates (AC +2, SH +2).
Armour fits poorly on your strangely shaped body.
You are dopey. (Int -2)
Your flesh is heat resistant.
You are frail (-10% HP).


Message History

The earth elemental is severely damaged.
You barely miss the earth elemental.
The earth elemental is severely damaged.
The earth elemental barely misses you.
You hit the earth elemental but do no damage.
The earth elemental is severely damaged.
You hit the earth elemental.
The earth elemental is severely damaged.
You hit the earth elemental but do no damage.
The earth elemental is severely damaged.
The earth elemental completely misses you.
You barely miss the earth elemental.
The earth elemental is severely damaged.
You hit the earth elemental but do no damage.
The earth elemental is severely damaged.
You hit the earth elemental but do no damage.
The earth elemental is severely damaged.
The earth elemental hits you!!
Ouch! That really hurt!
You die...

▓▓▓▓▓▓▓▓▓▓▓ ▓▓▓
▓<.#..'...♣♣♣♣ ♣.####
▓..#..#......♣ ♣♣.#___
▓#'####.....♣♣ ♣..#)..
▓.....#....≈♣♣♣♣♣.###'
▓.....#...≈≈♣.♣♣♣.#...
▓.....#..≈≈≈≈.....'.⌠.
▓####@#..≈≈≈≈≈≈.♣.#...
▓...E.#.≈≈≈≈≈≈....#.⌠)
▓...[.#.≈≈≈≈≈.....#...
▓.....#.≈≈≈.......#)##
▓'#####...........#...
▓.................#___
▓▓▓▓▓▓▓▓▓▓▓▓▓▓▓▓▓▓▓▓▓▓


You could see an earth elemental.

Vanquished Creatures
  Erica (D)
  A deep elf priest (D)
  A shadow (D)
  A spatial vortex (D)
  A necrophage (D)
  A water elemental (D)
  A jelly (D)
  Jessica (D)
  A wizard (D)
  A necromancer (D)
  A wolf (D)
  A kobold demonologist (D)
  3 humans (D)
  3 rats (D)
18 creatures vanquished.

Vanquished Creatures (others)
  2 draconian scorchers (D)
  A yaktaur (D)
  2 fire drakes (D)
  2 fulminant prisms (D)
  2 plants (D)
9 creatures vanquished.

Grand Total: 27 creatures vanquished

Notes
Turn   | Place    | Note
--------------------------------------------------------------
     0 | D        | Kidiri the Spriggan Enchanter began the quest for the Orb.
     0 | D        | Reached XP level 1. HP: 9/9 MP: 5/5
    16 | D        | Noticed Jessica
    27 | D        | Killed Jessica
    27 | D        | Reached skill level 6 in Stealth
    27 | D        | Reached XP level 2. HP: 5/13 MP: 3/8
    41 | D        | Learned a level 2 spell: Ensorcelled Hibernation
   203 | D        | Killed a fire drake
   205 | D        | Killed a white draconian scorcher
   233 | D        | Noticed a wolf
   246 | D        | Killed a wolf
   246 | D        | Reached skill level 7 in Stealth
   246 | D        | Reached skill level 5 in Spellcasting
   246 | D        | Reached XP level 3. HP: 16/16 MP: 6/10
   251 | D        | Learned a level 3 spell: Confuse
   255 | D        | Learned a level 3 spell: Tukima's Dance
   259 | D        | Learned a level 3 spell: Dazzling Spray
   281 | D        | Killed a yaktaur
   296 | D        | Killed a white draconian scorcher
   318 | D        | Killed a fire drake
   755 | D        | Reached skill level 1 in Ice Magic
   776 | D        | Gained mutation: You are partially covered in large bone plates (AC +2, SH +2). [potion of mutation]
   776 | D        | Gained mutation: Your flesh is heat resistant. [potion of mutation]
   776 | D        | Gained mutation: Armour fits poorly on your strangely shaped body. [potion of mutation]
   777 | D        | Gained mutation: You are dopey. (Int -2) [potion of mutation]
   777 | D        | Gained mutation: You are frail (-10% HP). [potion of mutation]
   816 | D        | Noticed a water elemental
   819 | D        | Killed a water elemental
   819 | D        | Reached skill level 5 in Dodging
   819 | D        | Reached skill level 9 in Stealth
   819 | D        | Reached skill level 5 in Hexes
   819 | D        | Reached XP level 4. HP: 18/18 MP: 10/13
   829 | D        | Noticed a jelly
   830 | D        | Noticed a shadow
   832 | D        | Killed a shadow
   832 | D        | Reached skill level 10 in Stealth
   832 | D        | Reached skill level 1 in Conjurations
   832 | D        | Reached XP level 5. HP: 21/21 MP: 12/16
   832 | D        | Reached XP level 6. HP: 25/25 MP: 12/17
   836 | D        | Killed a jelly
   841 | D        | Found a stormy altar of Qazlal.
   842 | D        | Noticed a spatial vortex
   842 | D        | Killed a spatial vortex
   842 | D        | Reached skill level 5 in Short Blades
   842 | D        | Reached skill level 11 in Stealth
   843 | D        | Found a sacrificial altar of Ru.
   843 | D        | Found a burning altar of Makhleb.
   843 | D        | Found a viscous altar of Jiyva.
   843 | D        | Found a shimmering altar of Xom.
   843 | D        | Found a shadowy altar of Dithmenos.
   843 | D        | Found a sparkling altar of Nemelex Xobeh.
   843 | D        | Found a corrupted altar of Lugonu.
   843 | D        | Found an opulent altar of Gozag.
   847 | D        | Became a worshipper of Dithmenos the Shadowed
   869 | D        | Found a radiant altar of Vehumet.
   869 | D        | Found a deep blue altar of Sif Muna.
   869 | D        | Found an ancient bone altar of Kikubaaqudgha.
   869 | D        | Noticed a wizard
   882 | D        | Killed a wizard
   896 | D        | Learned a level 1 spell: Magic Dart
   899 | D        | Learned a level 2 spell: Searing Ray
   904 | D        | Learned a level 4 spell: Fulminant Prism
   940 | D        | Found a glowing silver altar of Zin.
   941 | D        | Found a glowing golden altar of the Shining One.
   941 | D        | Found a white marble altar of Elyvilon.
   941 | D        | Noticed a deep elf priest
   943 | D        | Killed a deep elf priest
   943 | D        | Reached skill level 12 in Stealth
   943 | D        | Reached XP level 7. HP: 28/28 MP: 19/21
   949 | D        | Found an iron altar of Okawaru.
   949 | D        | Found a bloodstained altar of Trog.
   949 | D        | Noticed a human
   949 | D        | Noticed a human
   963 | D        | Killed a human
   963 | D        | Reached skill level 13 in Stealth
   963 | D        | Reached skill level 10 in Spellcasting
   981 | D        | Killed a human
   981 | D        | Acquired Dithmenos's first power
  1053 | D        | Found a basalt altar of Yredelemnul.
  1053 | D        | Found a snail-covered altar of Cheibriados.
  1053 | D        | Found a blossoming altar of Fedhas.
  1053 | D        | Noticed a necrophage
  1053 | D        | Noticed a necromancer
  1055 | D        | Killed a necrophage
  1055 | D        | Reached XP level 8. HP: 32/32 MP: 21/23
  1056 | D        | Killed a necromancer
  1074 | D        | Noticed Erica
  1077 | D        | Killed Erica
  1077 | D        | Reached skill level 14 in Stealth
  1077 | D        | Reached skill level 5 in Ice Magic
  1082 | D        | Noticed an earth elemental
  1092 | D        | Learned a level 4 spell: Iskenderun's Mystic Blast
  1863 | D        | Slain by an earth elemental

Vault maps used:
D:        dungeon_sprint_mu

Action                   |  1- 3 |  4- 6 |  7- 9 || total
-------------------------+-------+-------+-------++-------
Melee: Dagger            |    29 |    12 |    43 ||    84
 Cast: Corona            |     3 |       |     1 ||     4
       Ensorcelled Hiber |    11 |     2 |     4 ||    17
       Confuse           |     1 |     1 |     1 ||     3
       Dazzling Spray    |       |       |    20 ||    20
       Searing Ray       |       |       |     3 ||     3
       Magic Dart        |       |       |     2 ||     2
       Fulminant Prism   |       |       |     2 ||     2
       Iskenderun's Myst |       |       |     1 ||     1
  Use: Scroll            |     4 |       |       ||     4
       Potion            |     2 |       |     1 ||     3
 Stab: Sleeping          |     4 |     5 |     3 ||    12
       Confused          |       |     1 |     1 ||     2
       Invisible         |       |       |     2 ||     2
